 Dungeon Crawl Stone Soup version 0.32-a0-163-g159c032296 (webtiles) character file.

Game seed: 1157621979560889372

613 CougarLife the Digger (level 7, -1/51 HPs)
             Began as a Gnoll Earth Elementalist on Feb 11, 2024.
             Slain by a kobold
             ... wielding a +0 dagger
              (2 damage)
             ... on level 4 of the Dungeon.
             The game lasted 00:03:14 (3254 turns).

CougarLife the Digger (Gnoll Earth Elementalist)    Turns: 3254, Time: 00:03:15

Health: -1/51      AC:  3    Str:  8    XL:     7   Next: 44%
Magic:  6/15       EV: 13    Int: 16    God:
Gold:   154        SH:  0    Dex: 12    Spells: 13/17 levels left

rFire   . . .        k - +0 dagger
rCold   . . .        (no shield)
rNeg    . . .        a - +0 robe
rPois   .            (no helmet)
rElec   .            s - +0 cloak
rCorr   .            (no gloves)
SInv    .            (no boots)
Will    .....        l - amulet of the acrobat
Stlth   +++          (no ring)
HPRegen 0.28/turn    (no ring)
MPRegen 0.14/turn

%: acrobat
@: no status effects
A: fangs 1, strong nose, distributed training
a: no special abilities


You were on level 4 of the Dungeon.
You visited 1 branch of the dungeon, and saw 4 of its levels.

You collected 154 gold pieces.

Inventory:

Hand Weapons
 k - a +0 dagger (weapon)
Armour
 a - a +0 robe (worn)
 s - a +0 cloak (worn)
Magical Staves
 c - a staff of cold
Jewellery
 l - an amulet of the acrobat (around neck)
Wands
 r - a wand of flame (26)
 u - a wand of mindburst (6)
Scrolls
 d - a scroll of teleportation {unknown}
 f - a scroll of noise {unknown}
 h - a scroll of torment {unknown}
 i - a scroll of amnesia {unknown}
 j - a scroll of immolation {unknown}
 n - a scroll of vulnerability {unknown}
 q - a scroll of blinking {unknown}
 t - a scroll of enchant weapon {unknown}
Potions
 b - a potion of magic
 e - 2 potions of degeneration {unknown}
 g - 2 potions of might {unknown}
 m - a potion of heal wounds {unknown}
 o - a potion of lignification {unknown}
 p - a potion of haste {unknown}
 v - a potion of mutation {unknown}
 w - a potion of attraction {unknown}


   Skills:
 + Level 2.6 Fighting
 + Level 2.6 Short Blades
 + Level 2.6 Long Blades
 + Level 2.6 Axes
 + Level 2.6 Maces & Flails
 + Level 2.6 Polearms
 + Level 2.6 Staves
 + Level 2.6 Ranged Weapons
 + Level 2.6 Throwing
 + Level 2.6 Armour
 + Level 5.3 Dodging
 + Level 5.0 Stealth
 + Level 2.6 Shields
 + Level 2.6 Unarmed Combat
 + Level 5.6 Spellcasting
 + Level 3.0 Conjurations
 + Level 2.1 Hexes
 + Level 2.1 Summonings
 + Level 2.1 Necromancy
 + Level 2.1 Translocations
 + Level 2.1 Fire Magic
 + Level 2.1 Ice Magic
 + Level 2.1 Air Magic
 + Level 5.9 Earth Magic
 + Level 2.1 Alchemy
 + Level 2.9 Invocations
 + Level 2.6 Evocations
 + Level 2.3 Shapeshifting


You had 13 spell levels left.
You knew the following spells:

 Your Spells              Type           Power      Damage    Failure   Level
a - Sandblast             Erth           46%        2d11      1%          1
b - Stone Arrow           Conj/Erth      36%        3d9       7%          3

Your spell library contained the following spells:

 Spells                   Type           Power      Damage    Failure   Level
 Passwall                 Erth           23%        N/A       3%          3
 Brom's Barrelling Bould  Conj/Erth      18%        2d4       22%         4
 Petrify                  Alch/Erth      17%        N/A       26%         4


Dungeon Overview and Level Annotations

Branches:
Dungeon (4/15)
 Temple: D:4-7

Altars:

Annotations:
D:3 2 transporters


Innate Abilities, Weirdness & Mutations

You have very sharp teeth.
Your uncanny sense of smell can sniff out nearby items.
Your experience applies equally to all skills.


Message History

Confirm with . or Enter, or press ? or * to list all spells.
Aiming: Sandblast (safe; 1% risk of failure)
Press: ? - help, Shift-Dir - straight line, f/p - Blork the orc
Aim: Blork the orc, wielding a +2 scimitar of electrocution and wearing a +0 robe (severely wounded, fast, 85% to hit)
The blast of sand hits Blork the orc.
Blork the orc is almost dead.
Blork the orc closely misses you. The kobold hits you but does no damage.
Casting: Sandblast (safe; 1% risk of failure)
Confirm with . or Enter, or press ? or * to list all spells.
Aiming: Sandblast (safe; 1% risk of failure)
Press: ? - help, Shift-Dir - straight line, f/p - Blork the orc
Aim: Blork the orc, wielding a +2 scimitar of electrocution and wearing a +0 robe (almost dead, fast, 85% to hit)
The blast of sand hits Blork the orc!!
You kill Blork the orc!
The kobold misses you.
The endoplasm hits you but does no damage.
The kobold hits you but does no damage.
Your Stealth skill increases to level 5!
Casting: Sandblast (safe; 1% risk of failure)
Confirm with . or Enter, or press ? or * to list all spells.
Aiming: Sandblast (safe; 1% risk of failure)
Press: ? - help, Shift-Dir - straight line, f - endoplasm
Aim: an endoplasm (98% to hit)
The blast of sand hits the endoplasm.
The endoplasm is heavily wounded.
The endoplasm freezes you.
You are frozen.
* * * LOW HITPOINT WARNING * * *
The kobold barely misses you.
Casting: Sandblast (safe; 1% risk of failure)
Confirm with . or Enter, or press ? or * to list all spells.
Aiming: Sandblast (safe; 1% risk of failure)
Press: ? - help, Shift-Dir - straight line, f/p - endoplasm
Aim: an endoplasm (heavily wounded, 98% to hit)
The blast of sand hits the endoplasm!
You kill the endoplasm!
The kobold completely misses you. Something hits you.
* * * LOW HITPOINT WARNING * * *
The kobold hits you with a +0 dagger.
You die...

.# #.# #.# ###.### #
#.....########### ...
####.....#.....)...#.....
##..<.......#...@K........
##.##.......#.#####)......
............#.# ..#...#
........##....# .).....
##.#######.#).# ..#o. #
#.# #.#..# #.#.... #.#
#.#..# .# .#. #.# #.#..#
.# # #.# #.....


You could see a kobold.

Vanquished Creatures
  Sigmund (D:2)
  Eustachio (D:4)
  Blork the orc (D:4)
  2 scorpions
  Crazy Yiuf (D:2)
  Ijyb (D:3)
  2 adders
  A ribbon worm (D:3)
  2 dart slugs (D:2)
  7 orcs
  3 bats
  6 endoplasms
  3 giant cockroaches
  6 goblins
  4 hobgoblins
  2 jackals (D:3)
  8 kobolds
  2 quokkas
  6 ball pythons
  2 frilled lizards
  3 rats
64 creatures vanquished.

Notes
Turn   | Place    | Note
-------+----------+-------------------------------------------
     0 | D:1      | CougarLife the Gnoll Earth Elementalist began the quest for
                  | the Orb.
     0 | D:1      | Reached XP level 1. HP: 13/13 MP: 6/6
   174 | D:1      | Reached XP level 2. HP: 19/19 MP: 4/7
  1142 | D:2      | Noticed Sigmund
  1145 | D:2      | Killed Sigmund
  1146 | D:2      | Reached skill level 1 in Fighting
  1146 | D:2      | Reached skill level 1 in Short Blades
  1146 | D:2      | Reached skill level 1 in Long Blades
  1146 | D:2      | Reached skill level 1 in Axes
  1146 | D:2      | Reached skill level 1 in Maces & Flails
  1146 | D:2      | Reached skill level 1 in Polearms
  1146 | D:2      | Reached skill level 1 in Staves
  1146 | D:2      | Reached skill level 1 in Ranged Weapons
  1146 | D:2      | Reached skill level 1 in Throwing
  1146 | D:2      | Reached skill level 1 in Armour
  1146 | D:2      | Reached skill level 1 in Shields
  1146 | D:2      | Reached skill level 1 in Unarmed Combat
  1146 | D:2      | Reached skill level 5 in Spellcasting
  1146 | D:2      | Reached skill level 1 in Hexes
  1146 | D:2      | Reached skill level 1 in Summonings
  1146 | D:2      | Reached skill level 1 in Necromancy
  1146 | D:2      | Reached skill level 1 in Translocations
  1146 | D:2      | Reached skill level 1 in Fire Magic
  1146 | D:2      | Reached skill level 1 in Ice Magic
  1146 | D:2      | Reached skill level 1 in Air Magic
  1146 | D:2      | Reached skill level 1 in Alchemy
  1146 | D:2      | Reached skill level 1 in Invocations
  1146 | D:2      | Reached skill level 1 in Evocations
  1146 | D:2      | Reached skill level 1 in Shapeshifting
  1146 | D:2      | Reached XP level 3. HP: 26/26 MP: 4/9
  1146 | D:2      | Reached XP level 4. HP: 32/32 MP: 4/11
  1146 | D:2      | Reached XP level 5. HP: 37/37 MP: 4/12
  1379 | D:2      | Found a faded altar of an unknown god.
  1696 | D:2      | Found a runed translucent door.
  1697 | D:2      | Noticed Crazy Yiuf
  1853 | D:2      | Learned a level 3 spell: Stone Arrow
  1857 | D:2      | Killed Crazy Yiuf
  1858 | D:2      | Reached XP level 6. HP: 27/44 MP: 8/13
  2097 | D:3      | Noticed Ijyb
  2107 | D:3      | Killed Ijyb
  2223 | D:3      | Reached skill level 5 in Dodging
  2249 | D:3      | Found a transporter.
  2257 | D:3      | Noticed a kobold demonologist
  2360 | D:3      | Found a transporter.
  3025 | D:4      | Noticed Eustachio
  3045 | D:4      | Killed Eustachio
  3046 | D:4      | Reached XP level 7. HP: 14/51 MP: 1/15
  3240 | D:4      | Noticed Blork the orc
  3250 | D:4      | HP: 2/51 [kobold/+0 dagger (2)]
  3252 | D:4      | Killed Blork the orc
  3253 | D:4      | Reached skill level 5 in Stealth
  3254 | D:4      | Slain by a kobold

Illustrated notes

Levels and vault maps discovered:
D:1:      dpeg_arrival_fog, layout_basic
D:2:      layout_basic, chequers_ecumenical_altar_grove, uniq_sigmund,
          uniq_crazy_yiuf_cottage
D:3:      gammafunk_wand_slinger, layout_loops_ring, minmay_crystal_room,
          uniq_ijyb
D:4:      layout_loops_ring, uniq_eustachio, uniq_blork_the_orc, uniq_menkaure

Skill      XL: |  1  2  3  4  5  6  7 |
---------------+----------------------+-----
Conjurations   | 2 3 |  3.0
Fighting       | 1 2 |  2.6
Short Blades   | 1 2 |  2.6
Long Blades    | 1 2 |  2.6
Axes           | 1 2 |  2.6
Maces & Flails | 1 2 |  2.6
Polearms       | 1 2 |  2.6
Staves         | 1 2 |  2.6
Ranged Weapons | 1 2 |  2.6
Throwing       | 1 2 |  2.6
Armour         | 1 2 |  2.6
Shields        | 1 2 |  2.6
Unarmed Combat | 1 2 |  2.6
Spellcasting   | 5 |  5.6
Hexes          | 1 2 |  2.1
Summonings     | 1 2 |  2.1
Necromancy     | 1 2 |  2.1
Translocations | 1 2 |  2.1
Fire Magic     | 1 2 |  2.1
Ice Magic      | 1 2 |  2.1
Air Magic      | 1 2 |  2.1
Alchemy        | 1 2 |  2.1
Invocations    | 1 2 |  2.9
Evocations     | 1 2 |  2.6
Shapeshifting  | 1 2 |  2.3
Dodging        | 5 |  5.3
Stealth        | 5 |  5.0
Earth Magic    | |  5.9

Action                     |  1- 3 |  4- 6 |  7- 9 || total
---------------------------+-------+-------+-------++-------
  Melee: Unarmed           |     2 |       |       ||     2
         Dagger            |     1 |     4 |       ||     5
   Cast: Sandblast         |    26 |    85 |    12 ||   123
 Armour: Robe              |     4 |    24 |    14 ||    42
  Dodge: Dodged            |     8 |    52 |     9 ||    69

Table legend: (Time is in decaauts)
 A = Elapsed time spent in this place.
 B = Non-inter-level travel time spent in this place.
 C = Inter-level travel time spent in this place.
 D = Time resting spent in this place.
 E = Time spent auto-exploring this place.
 F = Levels seen in this place.
 G = Mean time per level.
                   A        B        C        D        E       F      G
               +--------+--------+--------+--------+--------+-----+--------+
         Total |   3313 |   3102 |    211 |    208 |   2469 |   4 |  828.2 |
       Dungeon |   3313 |   3102 |    211 |    208 |   2469 |   4 |  828.2 |
               +--------+--------+--------+--------+--------+-----+--------+

Top non-repeatable levels by time:
     D:1: 1150 daAuts
     D:2: 931 daAuts
     D:3: 888 daAuts
     D:4: 343 daAuts
